 Dungeon Sprint DCSS version 0.24-a0-139-geb6712d (webtiles) character file.

Game seed: 13724177316573228616

4430 w00t the Fighter (level 10, -1/90 HPs)
             Began as a Formicid Fighter on Mar 3, 2019.
             Was an Initiate of Gozag.
             Slain by a tyrant leech (26 damage)
             ... in the Dungeon (Sprint IX: "|||||||||||||||||||||||||||||").
             The game lasted 00:03:07 (1684 turns).

w00t the Fighter (Formicid Fighter)                 Turns: 1684, Time: 00:03:07

Health: -1/90      AC: 16    Str: 22    XL:     10   Next: 62%
Magic:  10/10      EV: 16    Int:  7    God:    Gozag
Gold:   2553       SH: 12    Dex: 15    Spells: 9/9 levels left

rFire    . . .     SeeInvis +   a - +2 scimitar of Dut Asuz {freeze, Dex+2}
rCold    . . .     Gourm    .   c - +0 shield
rNeg     . . .     Faith    .   o - +0 plate armour
rPois    .         Spirit   .   (helmet unavailable)
rElec    .         Reflect  .   (no cloak)
rCorr    .         Harm     .   n - +0 pair of gloves
MR       +....                  (no boots)
Stlth    ..........             (no amulet)
HPRegen  0.25/turn              m - +2 ring of evasion
MPRegen  0.12/turn              p - +2 ring of evasion

@: gold aura
A: permanent stasis, dig shafts and tunnels, four strong arms, antennae 3
a: Dig, Potion Petition, Call Merchant, Bribe Branch, Renounce Religion


You were in the Dungeon.
You worshipped Gozag.
Gozag was most pleased with you.
You were not hungry.

You visited 1 branch You collected 2553 gold pieces.

Inventory:

Hand Weapons
 a - the +2 scimitar of Dut Asuz (weapon) {freeze, Dex+2}
   (You found it in the Dungeon)

   It has been specially enchanted to freeze those struck by it, causing extra
   injury to most foes and up to half again as much damage against particularly
   susceptible opponents.
   It can also slow down cold-blooded creatures.
   It affects your dexterity (+2).
 b - a +2 morningstar of protection
Armour
 c - a +0 shield (worn)
 n - a +0 pair of gloves (worn)
 o - a +0 plate armour (worn)
Magical Staves
 l - an uncursed staff of energy {+MP, hungerless spells, !d!a}
Jewellery
 m - a +2 ring of evasion (left hand)
 p - a +2 ring of evasion (right hand)
Wands
 k - a wand of iceblast (10)
Scrolls
 h - 6 scrolls of remove curse {@r2}
 j - 2 scrolls of amnesia
 s - 4 scrolls of enchant armour
Potions
 d - a potion of might
 e - 5 potions of curing {@q1}
 f - a potion of invisibility
 g - 7 potions of heal wounds {@q2}
 i - 4 potions of magic
 q - a potion of mutation {!q}


   Skills:
 + Level 12.5 Fighting
 + Level 11.4 Long Blades
 - Level 12.0 Armour
 + Level 10.4 Dodging
 - Level 8.3 Stealth
 - Level 9.1 Shields


You had 9 spell levels left.
You didn't know any spells.
Your spell library was empty.

Dungeon Overview and Level Annotations

Branches:
Dungeon (1/1)

Altars:
Cheibriados
Dithmenos
Elyvilon
Fedhas
Gozag
Hepliaklqana
Kikubaaqudgha
Makhleb
Nemelex Xobeh
Okawaru
Qazlal
Ru
Sif Muna
Trog
Uskayaw
Vehumet
Wu Jian
Xom
Yredelemnul
Zin
The Shining One
Beogh
Jiyva
Lugonu


Innate Abilities, Weirdness & Mutations

You cannot be hasted, slowed, berserked, paralysed or teleported.
You can dig through walls and to a lower floor.
Your four strong arms can wield two-handed weapons with a shield.
You have a pair of large antennae on your head. (SInv)


Message History

The tyrant leech is lightly wounded.
The tyrant leech barely misses you.
You barely miss the tyrant leech.
The tyrant leech is lightly wounded.
The tyrant leech bites you!
* * * LOW HITPOINT WARNING * * *
The tyrant leech draws strength from your injuries!
Your plate armour prevents you from hitting the tyrant leech.
You closely miss the tyrant leech. The tyrant leech barely misses you.
You riposte.
You slash the tyrant leech! You freeze the tyrant leech.
The tyrant leech is moderately wounded.
You hit the tyrant leech but do no damage.
The tyrant leech is moderately wounded.
You block the tyrant leech's attack.
The worm becomes distracted by the nearby gold, dreaming of imaginary riches.
You hit the tyrant leech but do no damage.
The tyrant leech is moderately wounded.
The tyrant leech bites you!!
You die...
Your body crumbles into a pile of gold.

▓[▓.▓{
▓[▓.▓.▓
{
▓.▓.▓.▓
▓)▓.▓.▓
{
▓.▓.▓w▓
{
▓?▓.▓w▓
{
▓.▓.▓w▓
{
▓'▓.▓w▓
{
▓_▓.▓@▓
▓_▓.▓.▓
{
▓_▓.▓.▓
{
▓_▓.▓.▓
{
▓_▓.▓.▓
{
▓_▓.▓.▓
{
▓_▓.▓.▓
{
▓_▓.▓.▓
{
▓_▓.▓.▓
{


You could see a tyrant leech and 3 worms.

Vanquished Creatures
  A lindwurm (D)
  A cyclops (D)
  3 spiny frogs (D)
  A troll (D)
  A tyrant leech (D)
  A slime creature (D)
  A hornet (D)
  A blink frog (D)
  A wyvern (D)
  A basilisk (D)
  A vampire mosquito (D)
  3 water moccasins (D)
  3 porcupines (D)
  A wolf (D)
  4 crocodiles (D)
  A centaur (D)
  3 bullfrogs (D)
  3 orc wizards (D)
  A worker ant (D)
  An adder (D)
  2 giant cockroaches (D)
  A goblin (D)
  A hobgoblin (D)
  A kobold (D)
  A ball python zombie (D)
  A frilled lizard (D)
  A jackal zombie (D)
  A rat (D)
42 creatures vanquished.

Notes
Turn   | Place    | Note
-------+----------+-------------------------------------------
     0 | D        | w00t the Formicid Fighter began the quest for the Orb.
     0 | D        | Reached XP level 1. HP: 18/18 MP: 1/1
    17 | D        | Reached skill level 1 in Stealth
    21 | D        | Reached skill level 1 in Dodging
    69 | D        | Noticed an orc wizard
    69 | D        | Noticed a worker ant
    71 | D        | Reached XP level 2. HP: 25/25 MP: 2/2
    80 | D        | Reached XP level 3. HP: 15/30 MP: 3/3
    93 | D        | Reached skill level 5 in Shields
    93 | D        | Reached XP level 4. HP: 10/38 MP: 4/4
   352 | D        | Found a roughly hewn altar of Beogh.
   352 | D        | Found a snail-covered altar of Cheibriados.
   352 | D        | Found a shadowy altar of Dithmenos.
   352 | D        | Found a white marble altar of Elyvilon.
   352 | D        | Found a blossoming altar of Fedhas.
   352 | D        | Found an opulent altar of Gozag.
   353 | D        | Found a hazy altar of Hepliaklqana.
   354 | D        | Found a viscous altar of Jiyva.
   355 | D        | Found an ancient bone altar of Kikubaaqudgha.
   356 | D        | Found a corrupted altar of Lugonu.
   357 | D        | Found a burning altar of Makhleb.
   358 | D        | Found a sparkling altar of Nemelex Xobeh.
   359 | D        | Found an iron altar of Okawaru.
   360 | D        | Became a worshipper of Gozag Ym Sagoz the Greedy
   361 | D        | Found a stormy altar of Qazlal.
   362 | D        | Found a sacrificial altar of Ru.
   363 | D        | Found a deep blue altar of Sif Muna.
   364 | D        | Found a bloodstained altar of Trog.
   365 | D        | Found a hide-covered altar of Uskayaw.
   366 | D        | Found a radiant altar of Vehumet.
   367 | D        | Found an ornate altar of the Wu Jian Council.
   368 | D        | Found a shimmering altar of Xom.
   369 | D        | Found a basalt altar of Yredelemnul.
   370 | D        | Found a glowing silver altar of Zin.
   371 | D        | Found a glowing golden altar of the Shining One.
   391 | D        | Got the +2 scimitar of Dut Asuz {freeze, Dex+2}
   423 | D        | Noticed a hornet
   423 | D        | Noticed a bullfrog
   423 | D        | Noticed a wyvern
   429 | D        | Killed a wyvern
   429 | D        | Reached skill level 5 in Long Blades
   429 | D        | Reached XP level 5. HP: 28/46 MP: 5/5
   429 | D        | Reached XP level 6. HP: 31/52 MP: 6/6
   443 | D        | Killed a hornet
   443 | D        | Reached skill level 5 in Dodging
   443 | D        | Reached XP level 7. HP: 19/60 MP: 7/7
   692 | D        | Noticed a cyclops
   692 | D        | Noticed a slime creature
   692 | D        | Noticed a troll
   692 | D        | Noticed a vampire mosquito
   694 | D        | Killed a vampire mosquito
   701 | D        | Killed a troll
   701 | D        | Reached XP level 8. HP: 53/69 MP: 8/8
   708 | D        | Killed a slime creature
   717 | D        | Killed a cyclops
   717 | D        | Reached XP level 9. HP: 34/77 MP: 9/9
  1020 | D        | Noticed a spiny frog
  1025 | D        | Noticed a spiny frog
  1029 | D        | Reached skill level 10 in Fighting
  1029 | D        | Reached skill level 10 in Armour
  1045 | D        | Killed a spiny frog
  1049 | D        | Killed a spiny frog
  1049 | D        | Reached skill level 10 in Long Blades
  1321 | D        | Noticed a spiny frog
  1327 | D        | Killed a spiny frog
  1327 | D        | Reached XP level 10. HP: 79/88 MP: 10/10
  1645 | D        | Noticed a lindwurm
  1669 | D        | Reached skill level 10 in Dodging
  1677 | D        | Killed a lindwurm
  1684 | D        | Slain by a tyrant leech

Levels and vault maps discovered:
D:        linesprint [early_d, line_temple, items_1, d_10, items_2, lair_1,
          lair_end, items_3, orc_1, orc_end, items_4, d_15, swamp_1, shoals_1,
          snake_1, spider_1, d_20, vaults_1, items_5, swamp_end, shoals_end,
          snake_end, spider_end, vaults_end, d_27, items_6, zot_1, zot_end,
          crypt_end, forest_end, elf_end, slime_end, tomb_end, abyss_end,
          pan_hell_end]

Skill      XL: |  1  2  3  4  5  6  7  8  9 10 |
---------------+-------------------------------+-----
Stealth        | 1 2 3 6 7 8 |  8.3
Dodging        | 1 2 4 5 6 7 9 10 | 10.4
Shields        | 4 5 6 7 9 |  9.1
Fighting       | 4 6 7 8 9 11 12 | 12.5
Long Blades    | 3 5 6 7 8 10 11 | 11.4
Armour         | 4 6 7 8 9 11 12 | 12.0

Action                   |  1- 3 |  4- 6 |  7- 9 | 10-12 || total
-------------------------+-------+-------+-------+-------++-------
Melee: Long sword        |    35 |       |       |       ||    35
       Scimitar          |       |    19 |    83 |    81 ||   183
  Use: Potion            |       |     1 |       |       ||     1
  Eat: Ration            |       |       |       |     1 ||     1
Armor: Scale mail        |    14 |       |       |       ||    14
       Plate armour      |       |     9 |     6 |    11 ||    26
Dodge: Dodged            |    17 |     4 |    26 |    24 ||    71
Block: Shield            |    23 |    10 |    41 |    22 ||    96
       Rpst.: Long sword |     5 |       |       |       ||     5
       Scimitar          |       |       |    12 |     7 ||    19

Table legend:
 A = Non-vault XP
 B = Vault XP
 C = Vault XP percentage of total XP
 D = Non-vault monster count
 E = Vault monster count
 F = Vault count percentage of total count
                 A         B        C        D         E       F
            +---------+---------+-------+---------+---------+-------
      Total |       0 |    6329 | 100.0 |       0 |      42 | 100.0
            +---------+---------+-------+---------+---------+-------
          D |       0 |    6329 | 100.0 |       0 |      42 | 100.0
            +---------+---------+-------+---------+---------+-------
